 Dungeon Crawl Stone Soup version 0.23.2-33-g5129a83184 (webtiles) character file.

Game seed: 17760098139951023679

28 Derp the Conjurer (level 3, -1/22 HPs)
             Began as an Octopode Conjurer on July 12, 2019.
             Slain by a jackal (3 damage)
             ... on level 2 of the Dungeon.
             The game lasted 00:03:45 (806 turns).

Derp the Conjurer (Octopode Conjurer)                Turns: 806, Time: 00:03:46

Health: -1/22      AC:  1    Str:  7    XL:     3   Next: 12%
Magic:  3/6        EV: 14    Int: 18    God:
Gold:   10         SH:  0    Dex: 12    Spells: 5/6 levels left

rFire    . . .     SeeInvis .   (no weapon)
rCold    . . .     Gourm    .   (no shield)
rNeg     . . .     Faith    .   (helmet restricted)
rPois    .         Spirit   .   (no amulet)
rElec    .         Reflect  .   (no ring)
rCorr    .         Harm     .   (no ring)
MR       .....                  (no ring)
Stlth    +++.......             (no ring)
HPRegen  0.07/turn              (no ring)
MPRegen  0.10/turn              (no ring)
                                (no ring)
                                (no ring)

@: no status effects
A: almost no armour, stealthy swim, amphibious, 8 rings, constrict 8, camouflage
1, gelatinous body 1
a: no special abilities


You were on level 2 of the Dungeon.
You were not hungry.

You visited 1 branch of the dungeon, and saw 2 of its levels.

You collected 10 gold pieces.

Inventory:

Scrolls
 a - 3 scrolls of remove curse {unknown}
 c - a scroll of enchant armour {unknown}
 e - a scroll of teleportation {unknown}
 f - a scroll of magic mapping {unknown}
Potions
 d - 2 potions of heal wounds {unknown}
Comestibles
 b - a ration


   Skills:
 + Level 0.4 Fighting
 + Level 2.6 Dodging
 + Level 2.8 Stealth
 + Level 2.2 Spellcasting
 + Level 4.3 Conjurations


You had 5 spell levels left.
You knew the following spells:

 Your Spells              Type           Power        Failure   Level  Hunger
a - Magic Dart            Conj           ###.         3%          1    #......

Your spell library contained the following spells:

 Spells                   Type           Power        Failure   Level  Hunger
 Searing Ray              Conj           ###...       4%          2    ##.....
 Dazzling Spray           Conj/Hex       #.....       22%         3    ###....
 Iskenderun's Mystic Bla  Conj           ###.....     30%         4    #####..
 Force Lance              Conj/Tloc      #.......     58%         4    #####..
 Fulminant Prism          Conj/Hex       #.........   58%         4    #####..


Dungeon Overview and Level Annotations

Branches:
Dungeon (2/15)

Altars:


Innate Abilities, Weirdness & Mutations

You cannot wear most types of armour.
You are very stealthy in the water. (Stealth+)
You are amphibious.
You can wear up to eight rings at the same time.
You can use your tentacles to constrict eight enemies at once.
Your skin changes colour to match your surroundings (Stealth+).
Your rubbery body absorbs attacks. (AC +1, EV +1)


Message History

Found 6 gold pieces.
A dart slug comes into view.
Found a ration.
Found a scroll labeled SEURE HYIGIOGI.
A jackal and a goblin come into view.
The dart slug launches a dart at you. The slug dart hits you.
* * * LOW HITPOINT WARNING * * *
The goblin moves out of view.
The dart slug launches a dart at you. The slug dart misses you.
A jackal comes into view.
The jackal barks!
A jackal comes into view.
A bat comes into view.
Found 22 stones.
Found 2 gold pieces.
The jackal bites you.
* * * LOW HITPOINT WARNING * * *
The jackal bites you.
You die...

.........# .........#
.....>...## ..........##
.......$.g.##
............####
.........%.....#####.#$#
.........gg....g@......#
...........w....h.....##
..................h...#
.............b........#
.....................(#
....g<..........h..g....
#..............#........
#######......#..........


You could see 4 gnolls, a dart slug, 3 jackals, a goblin (wandering) and a bat.

Vanquished Creatures
  An ooze (D:1)
  A dart slug (D:1)
  4 bats
  2 giant cockroaches (D:1)
  5 goblins (D:1)
  2 hobgoblins (D:1)
  A frilled lizard (D:1)
  A kobold (D:1)
  3 rats (D:1)
20 creatures vanquished.

Notes
Turn   | Place    | Note
-------+----------+-------------------------------------------
     0 | D:1      | Derp the Octopode Conjurer began the quest for the Orb.
     0 | D:1      | Reached XP level 1. HP: 11/11 MP: 3/3
    95 | D:1      | Reached XP level 2. HP: 18/18 MP: 0/5
   529 | D:1      | Reached XP level 3. HP: 22/22 MP: 0/6
   806 | D:2      | Slain by a jackal

Action                   || total
-------------------------++-------
Melee: Unarmed           ||    13
       Constrict         ||     5
       Tentacles         ||     2
 Cast: Magic Dart        ||    37
Armor: Skin              ||     1
Dodge: Dodged            ||    15
